 Dungeon Crawl Stone Soup version 0.31-a0-1068-g5939ac1fb6 (webtiles) character file.

Game seed: 1085140505319897072

29 Chiseanne the Covered (level 3, 27/27 HPs)
             Began as a Demonspawn Wanderer on Nov 24, 2023.
             Quit the game on level 2 of the Dungeon.
             The game lasted 00:01:54 (900 turns).

Chiseanne the Covered (Demonspawn Wanderer)          Turns: 900, Time: 00:01:55

Health: 27/27      AC:  6    Str: 14    XL:     3   Next: 1%
Magic:  4/4        EV:  9    Int: 13    God:
Gold:   45         SH:  0    Dex: 12    Spells: 4/4 levels left

rFire   . . .        a - +2 whip (venom)
rCold   . . .        (no shield)
rNeg    . . .        p - +0 scale mail
rPois   .            (no helmet)
rElec   .            (no cloak)
rCorr   .            (no gloves)
SInv    .            (no boots)
Will    .....        (no amulet) Stlth
                     (no ring)
HPRegen 0.24/turn    (no ring)
MPRegen 0.09/turn

%: no passive effects
@: no status effects
A: hooves 1, demonic magic 1
a: no special abilities


You were on level 2 of the Dungeon.
You visited 1 branch of the dungeon, and saw 2 of its levels.

You collected 45 gold pieces.

Inventory:

Hand Weapons
 a - a +2 whip of venom (weapon)
 b - a +0 spear
 d - a +0 dagger
 s - a +2 hand axe
Missiles
 c - 14 poisoned darts (quivered)
 g - 19 stones
 k - 6 javelins
Armour
 p - a +0 scale mail (worn)
Scrolls
 e - a scroll of blinking
Potions
 l - a potion of might {unknown}
 m - a potion of haste {unknown}
 o - a potion of cancellation


   Skills:
 * Level 2.0 Fighting
 - Level 1.7(2.1) Axes
 - Level 1.7(2.1) Polearms
 - Level 1.0 Throwing
 * Level 2.3 Armour
 * Level 1.1 Dodging
 - Level 1.0 Spellcasting
 - Level 1.2 Invocations


You had 4 spell levels left.
You didn't know any spells.
Your spell library contained the following spells:

 Spells                   Type           Power      Damage    Failure   Level
 Magic Dart               Conj           0%         1d3       75%         1
 Call Imp                 Summ           0%         N/A       87%         2
 Mephitic Cloud           Conj/Pois/Air  0%         N/A       98%         3


Dungeon Overview and Level Annotations

Branches:
Dungeon (2/15)

Altars:


Innate Abilities, Weirdness & Mutations

You have large cloven feet.
Spells you cast may paralyse adjacent enemies.


Message History

You hit the hobgoblin but do no damage.
The hobgoblin is poisoned.
The hobgoblin completely misses you.
You closely miss the hobgoblin. The hobgoblin hits you.
You barely miss the hobgoblin.
The hobgoblin is moderately wounded.
The rat barely misses you. The hobgoblin barely misses you.
You whack the rat!
You kill the rat!
The hobgoblin barely misses you. The hobgoblin completely misses you.
You completely miss the hobgoblin.
The hobgoblin is almost dead.
You kill the hobgoblin!
You open the door.
A hobgoblin comes into view.
The hobgoblin shouts!
There is an open door here.
Found a robe.
The hobgoblin barely misses you.
You completely miss the hobgoblin.
The hobgoblin hits you but does no damage.
You hit the hobgoblin.
The hobgoblin is poisoned.
The hobgoblin is heavily wounded.
A quokka comes into view.
The hobgoblin hits you but does no damage.
You hit the hobgoblin.
You kill the hobgoblin!
The quokka barely misses you. The quokka closely misses you.
You closely miss the quokka.
The quokka bites you but does no damage.
You hit the quokka.
The quokka is poisoned.
The quokka is almost dead.
You kill the quokka!
Your Fighting skill increases to level 2!
You have reached level 3!
Your experience leads to an increase in your attributes!
Increase (s)trength, (i)ntelligence, or (d)exterity?
You feel stronger. x2; Your demonic ancestry asserts itself...
Your feet thicken and deform.
Are you sure you want to abandon this character and quit the game? (Confirm with "yes".)

. ###### ##[
#....# ..
#...<# .###.#
#....##.....#
#....'.#
#....#.#
#....#.#
#....#@#
#....#.#
#....#..
#....####
#....#


There were no monsters in sight!

Vanquished Creatures
  3 endoplasms (D:1)
  2 giant cockroaches (D:1)
  A goblin (D:1)
  5 hobgoblins
  3 kobolds (D:1)
  2 quokkas
  4 bats (D:1)
  4 frilled lizards (D:1)
  A rat (D:2)
25 creatures vanquished.

Notes
Turn   | Place    | Note
-------+----------+-------------------------------------------
     0 | D:1      | Chiseanne the Demonspawn Wanderer began the quest for the
                  | Orb.
     0 | D:1      | Chiseanne set off with the following items: a +2 hand axe,
                  | a +0 spear, 14 poisoned darts, a +0 dagger, a scroll of
                  | blinking, a +0 robe.
     0 | D:1      | Reached XP level 1. HP: 15/15 MP: 2/2
   327 | D:1      | Gained mutation: Spells you cast may paralyse adjacent
                  | enemies. [demonic ancestry]
   327 | D:1      | Reached XP level 2. HP: 15/21 MP: 3/3
   519 | D:1      | Reached skill level 1 in Dodging
   900 | D:2      | Gained mutation: You have large cloven feet. [demonic
                  | ancestry]
   900 | D:2      | Reached XP level 3. HP: 27/27 MP: 4/4
   900 | D:2      | Quit the game

Illustrated notes

Levels and vault maps discovered:
D:1:      lemuel_arrival_behind_the_door_small, layout_loops_ring,
          minmay_distorted
D:2:      layout_basic, nrook_campfire

Skill      XL: |  1  2 |
---------------+-------+-----
Armour         | 2 |  2.3
Dodging        | 1 |  1.1
Fighting       | 2 |  2.0
Axes           | |  1.7
Polearms       | |  1.7
Throwing       | |  1.0
Spellcasting   | |  1.0
Invocations    | |  1.2

Action                     || total
---------------------------++-------
  Melee: Whip              ||    58
         Hand axe          ||     9
    Use: Scroll            ||     4
 Armour: Chain mail        ||    48
         Scale mail        ||     4
  Dodge: Dodged            ||    23

Table legend: (Time is in decaauts)
 A = Elapsed time spent in this place.
 B = Non-inter-level travel time spent in this place.
 C = Inter-level travel time spent in this place.
 D = Time resting spent in this place.
 E = Time spent auto-exploring this place.
 F = Levels seen in this place.
 G = Mean time per level.
                   A        B        C        D        E       F      G
               +--------+--------+--------+--------+--------+-----+--------+
         Total |    903 |    848 |     55 |     31 |    640 |   2 |  451.5 |
       Dungeon |    903 |    848 |     55 |     31 |    640 |   2 |  451.5 |
               +--------+--------+--------+--------+--------+-----+--------+

Top non-repeatable levels by time:
     D:1: 878 daAuts
     D:2: 25 daAuts
